AoeStats
← Jan Itor

Arena

510337759Analyzed
4v4 RM · 17h ago on Sep 30, 2026· 43m 45s· 8 players
Game mode
Random Map
Map size
Large (8 player)
Population
200
Speed
Normal
Resources
Standard
Victory
Conquest
Starting age
Dark Age
Ending age
Imperial Age
RankedLock teamsTeams togetherTeam positionsShared explorationLock speedFull tech treeHidden civsTurbo modeCheats
Victory
Defeat
🇩🇪 Jurchens · Germany
2159
+9
🇩🇪 Ethiopians · Germany
2123
+10
🇩🇪 Sicilians · Germany
1798
+23
🇨🇭 Goths · Switzerland
1779
+24
🇫🇷 Romans · France
2080
-21
🇩🇪 Poles · Germany
1965
-16
🇩🇪 Wu · Germany
1954
-16
🇩🇪 Tupi · Germany
1893
-13
NOC | Annotoph
10:13 Feudal Age
13:44 Castle Age
11:43 Horse Collar
12:02 Double-Bit Axe
14:44 Bow Saw
17:55 Town Watch
20:25 Wheelbarrow
26:22 Imperial Age
24:21 Loom
25:27 Hand Cart
25:36 Padded Archer Armor
25:27 Gold Mining
28:02 Chemistry
27:59 Leather Archer Armor
29:47 Ring Archer Armor
32:31 Thunderclap Bombs
36:34 Siege Engineers
40:18 Masonry
40:29 Ballistics
42:35 Caravan
NOC | Mr.Dobbsn
9:55 Feudal Age
13:40 Castle Age
11:30 Double-Bit Axe
11:36 Horse Collar
14:36 Bow Saw
16:49 Wheelbarrow
17:46 Loom
18:59 Town Watch
21:22 Loom
21:54 Hand Cart
26:13 Imperial Age
24:03 Fletching
24:07 Gold Mining
24:44 Bodkin Arrow
24:12 Crossbowman
25:35 Ballistics
27:10 Bracer
28:40 Chemistry
29:34 Chemistry
29:03 Padded Archer Armor
29:10 Thumb Ring
29:12 Arbalester
30:33 Conscription
32:21 Leather Archer Armor
34:57 Ring Archer Armor
37:48 Two-Man Saw
38:52 Siege Engineers
38:48 Caravan
39:42 Town Patrol
39:58 Torsion Engines
43:37 Masonry
Jan Itor
11:28 Feudal Age
12:13 Horse Collar
12:18 Double-Bit Axe
15:14 Castle Age
16:11 Bow Saw
17:06 Wheelbarrow
23:22 Loom
28:27 Imperial Age
26:18 Scale Mail Armor
26:31 Forging
26:23 Husbandry
27:02 Hand Cart
26:41 Gold Mining
27:10 Scale Mail Armor
28:09 Iron Casting
27:35 Squires
26:56 Pikeman
28:11 Chain Mail Armor
28:35 Town Watch
28:33 Halberdier
29:33 Town Patrol
30:35 Blast Furnace
30:01 Scale Barding Armor
30:38 Plate Mail Armor
30:31 Conscription
30:45 Plate Mail Armor
30:39 Bloodlines
30:48 Scale Barding Armor
30:59 Heavy Plow
30:38 Cavalier
32:06 Hauberk
34:21 Chain Barding Armor
37:25 Plate Barding Armor
37:21 Capped Ram
39:34 Caravan
40:44 Coinage
42:57 Hoardings
43:26 Banking
[V-VI] LemonJack
7:22 Loom
10:23 Feudal Age
11:48 Double-Bit Axe
14:08 Castle Age
13:04 Horse Collar
15:03 Bow Saw
14:54 Heavy Plow
19:58 Loom
25:25 Wheelbarrow
25:00 Scale Mail Armor
25:51 Squires
26:32 Chain Mail Armor
28:01 Forging
28:55 Hand Cart
28:44 Town Watch
30:50 Iron Casting
33:55 Imperial Age
31:39 Gold Mining
31:40 Stone Mining
32:09 Anarchy
33:07 Fletching
34:21 Stone Shaft Mining
34:37 Perfusion
35:46 Blast Furnace
34:34 Elite Huskarl
37:08 Coinage
40:10 Banking
42:03 Capped Ram
43:45 Chemistry
RoR | Smokealot
11:12 Feudal Age
14:52 Castle Age
13:13 Double-Bit Axe
13:35 Horse Collar
14:13 Gold Mining
16:00 Fletching
18:47 Bodkin Arrow
21:14 Ballistics
21:42 Padded Archer Armor
25:53 Wheelbarrow
25:04 Loom
29:16 Bow Saw
28:57 Stone Mining
29:13 Heavy Plow
32:17 Hand Cart
32:57 Gold Shaft Mining
36:00 Imperial Age
33:40 Squires
33:25 Arson
33:44 Scale Mail Armor
33:55 Forging
34:32 Champi Runner
34:57 Pikeman
36:20 Iron Casting
36:00 Chain Mail Armor
36:34 Caciques
36:05 Champi Warrior
36:24 Halberdier
37:52 Conscription
36:56 Elite Champi Warrior
38:01 Guard Tower
39:17 Chemistry
38:02 Arrowslits
39:37 Bracer
39:52 Leather Archer Armor
40:09 Plate Mail Armor
40:10 Elite Ibirapema Warrior
RoR | FloDuFive
10:28 Feudal Age
11:21 Double-Bit Axe
11:49 Gold Mining
11:56 Horse Collar
14:27 Castle Age
15:27 Bow Saw
23:11 Wheelbarrow
24:41 Hand Cart
25:38 Loom
27:00 Gold Shaft Mining
30:18 Imperial Age
32:10 Ballistics
31:57 Siege Engineers
32:33 Heavy Scorpion
34:22 Chemistry
35:34 Town Watch
Yuki
10:56 Feudal Age
12:04 Double-Bit Axe
15:06 Castle Age
12:57 Horse Collar
21:21 Bow Saw
22:35 Wheelbarrow
22:22 Gold Mining
23:11 Heavy Plow
27:11 Imperial Age
24:28 Loom
24:54 Fletching
25:32 Ballistics
25:32 Bodkin Arrow
26:29 Hand Cart
28:00 Bracer
29:32 Chemistry
29:24 Conscription
32:25 Padded Archer Armor
31:56 Elite Skirmisher
33:25 Leather Archer Armor
34:02 Sitting Tiger
36:16 Crossbowman
38:00 Arbalester
38:49 Scale Mail Armor
39:00 Forging
38:30 Pikeman
39:13 Squires
39:49 Chain Mail Armor
40:38 Two-Man Saw
39:36 Halberdier
42:43 Plate Mail Armor
42:09 Town Watch
Imperio_cc
10:23 Feudal Age
11:20 Double-Bit Axe
13:58 Castle Age
12:07 Horse Collar
14:53 Bow Saw
15:16 Heavy Plow
20:50 Wheelbarrow
21:20 Stone Mining
22:08 Gold Mining
26:50 Imperial Age
25:00 Scale Mail Armor
25:11 Forging
25:10 Loom
26:07 Stone Shaft Mining
26:09 Chain Mail Armor
26:15 Hand Cart
26:14 Treadmill Crane
27:53 Iron Casting
28:38 Chemistry
28:01 Conscription
28:12 Plate Mail Armor
27:21 Elite Obuch
29:47 Blast Furnace
29:17 Siege Engineers
31:04 Fletching
31:35 Ballistics
31:45 Squires
32:30 Bodkin Arrow
33:15 Masonry
33:06 Arson
40:56 Scale Barding Armor
42:01 Coinage
41:03 Light Cavalry
41:53 Bloodlines
42:02 Husbandry
42:32 Lechitic Legacy
42:12 Winged Hussar
43:45 Chain Barding Armor
Connection lost

Rejoining the realm…

Still unreachable

The connection could not be restored.

Session expired

The server has moved on; the page needs a fresh start.